Map: Oxide LE

Players

ArT

  • Race: Protoss Protoss

LiquidMaNa (MaNa) - Winner!

  • Race: Protoss Protoss
  • League: Grandmaster

Event: DreamHack SC2 Masters 2021 Summer

VOD

Have the link to the VOD?

Description

Time

  • Played on: May 30, 2021, 2:09 p.m.
  • Length: 4:16

All games in this series

Show
View Real Time Build Order
Export as new Build Order

ArT Protoss 

Build Orders: Nexus First 

Get SALT Encoding   

  12  0:00  Probe  
  13  0:12  Probe  
  14  0:17  Pylon  
  14  0:25  Probe (Chrono Boost)  
  15  0:37  Probe (Chrono Boost)  
  16  0:45  Probe (Chrono Boost)  
  17  0:57  Nexus  
  17  1:07  Gateway  
  17  1:10  Probe (Chrono Boost)  
  18  1:16  Assimilator  
  18  1:20  Probe (Chrono Boost)  
  18  1:24  Assimilator  
  19  1:26  Probe  
  20  1:38  Probe  
  21  1:43  Gateway  
  21  1:50  Probe  
  22  1:55  Cybernetics Core  
  22  2:08  Probe  
  23  2:09  Zealot (Chrono Boost)  
  23  2:10  Probe  
  26  2:15  Pylon  
  26  2:35  Stalker (Chrono Boost)  
  26  2:36  Stalker (Chrono Boost)  
  30  2:39  Shield Battery  
  30  2:45  Shield Battery  
  27  3:09  Stalker  
  27  3:12  Stalker  
  31  3:24  Shield Battery  
  31  3:33  Probe  
  30  3:42  Stalker x2  
  34  3:52  Probe  
  35  4:00  Pylon  
  35  4:01  Pylon  
Show
View Real Time Build Order
Export as new Build Order

LiquidMaNa Protoss - Winner!

Build Orders: Proxy Void Ray 

Get SALT Encoding   

  12  0:00  Probe  
  13  0:12  Probe  
  14  0:17  Pylon  
  14  0:24  Probe  
  15  0:35  Gateway  
  15  0:37  Probe (Chrono Boost)  
  16  0:47  Probe (Chrono Boost), Assimilator  
  17  0:52  Probe (Chrono Boost)  
  18  1:04  Probe  
  19  1:05  Assimilator  
  19  1:16  Probe  
  20  1:22  Cybernetics Core  
  20  1:23  Zealot (Chrono Boost)  
  23  1:32  Probe  
  23  1:39  Pylon  
  23  1:58  Adept (Chrono Boost)  
  23  2:01  Stargate  
  25  2:11  Shield Battery  
  25  2:14  Pylon  
  25  2:20  Adept (Chrono Boost)  
  27  2:23  Shield Battery  
  27  2:38  Void Ray (Chrono Boost)  
  31  2:51  Shield Battery x2  
  29  3:12  Void Ray (Chrono Boost)  
  30  3:29  Adept  
  36  4:01  Shield Battery x2  
Tags
 
Add a new tag
Caveats
  • Supply blocks, unpowered buildings, or Contaminate may cause inaccurate times.
  • Supply counts are checked every 10 seconds.